 Dungeon Crawl Stone Soup version 0.24-a0-443-g80245de385 (webtiles) character file.

Game seed: 14179218254581376244

207 forest the Sneak (level 5, -1/26 HPs)
             Began as a Spriggan Assassin on June 21, 2019.
             Slain by an iguana (14 damage)
             ... on level 4 of the Dungeon.
             The game lasted 00:10:48 (4729 turns).

forest the Sneak (Spriggan Assassin)                Turns: 4729, Time: 00:10:49

Health: -1/26      AC:  3    Str:  8    XL:     5   Next: 54%
Magic:  6/6        EV: 17    Int: 13    God:
Gold:   201        SH:  8    Dex: 17    Spells: 4/4 levels left

rFire    . . .     SeeInvis +   a - +4 dagger
rCold    + . .     Gourm    .   q - +3 buckler
rNeg     . . .     Faith    .   b - +0 robe
rPois    .         Spirit   .   (helmet restricted)
rElec    .         Reflect  .   c - +0 cloak
rCorr    +         Harm     .   (gloves unavailable)
MR       .....                  (boots unavailable)
Stlth    ++++......             (no amulet)
HPRegen  0.08/turn              i - ring of resist corrosion
MPRegen  0.10/turn              o - ring of protection from cold

@: very quick
A: very small, unfitting armour, see invisible, herbivore, speed 3, slow
metabolism 2
a: no special abilities


You were on level 4 of the Dungeon.
You were not hungry.

You visited 1 branch of the dungeon, and saw 4 of its levels.

You collected 201 gold pieces.

Inventory:

Hand Weapons
 a - a +4 dagger (weapon)
Missiles
 d - 9 poisoned darts (quivered)
 e - 2 curare-tipped darts
 h - 11 sling bullets
 j - 102 stones
 n - 4 atropa-tipped darts
Armour
 b - a +0 robe (worn)
 c - a +0 cloak (worn)
 q - a +3 buckler (worn)
Jewellery
 i - a ring of resist corrosion (left hand)
 l - a +3 ring of strength {unknown}
 o - a ring of protection from cold (right hand)
Scrolls
 m - 4 scrolls of remove curse
Potions
 g - 3 potions of heal wounds
 k - 3 potions of curing
 s - a potion of haste
 t - a potion of brilliance {unknown}
Comestibles
 f - 6 rations


   Skills:
 + Level 2.0 Fighting
 + Level 3.5 Short Blades
 + Level 3.1 Throwing
 + Level 3.0 Dodging
 + Level 7.9 Stealth


You had 4 spell levels left.
You didn't know any spells.
Your spell library contained the following spells:

 Spells                   Type           Power        Failure   Level  Hunger
 Shock                    Conj/Air       #...         45%         1    ##.....
 Swiftness                Chrm/Air       #.......     61%         2    ###....
 Static Discharge         Conj/Air       #.......     83%         3    ####...
 Airstrike                Air            #.........   99%         4    #####..
 Lightning Bolt           Conj/Air       #.........   100%        5    ######.


Dungeon Overview and Level Annotations

Branches:
Dungeon (4/15)
 Temple: D:4-7

Altars:
Elyvilon
Fedhas
Sif Muna
Trog
Uskayaw


Innate Abilities, Weirdness & Mutations

You are very small and have problems with some larger weapons.
You are too small for most types of armour.
You have supernaturally acute eyesight. (SInv)
You are a herbivore.
You cover ground extremely quickly.
You need to consume almost no food.


Message History

You throw a poisoned dart. The poisoned dart hits the iguana.
The iguana looks even sicker.
The iguana is moderately wounded.
The iguana misses you.
Throwing (i - inventory. (/) - cycle)
d - 11 poisoned darts (quivered)
Press: ? - help, Shift-Dir - straight line, f/p - iguana
Aim: an iguana (moderately wounded, poisoned)
You throw a poisoned dart. The poisoned dart hits the iguana.
The iguana looks even sicker.
The iguana is moderately wounded.
Throwing (i - inventory. (/) - cycle)
d - 10 poisoned darts (quivered)
Press: ? - help, Shift-Dir - straight line, f/p - iguana
Aim: an iguana (moderately wounded, poisoned)
You throw a poisoned dart. The poisoned dart hits the iguana!
The iguana looks as sick as possible!
The iguana is moderately wounded.
You block the iguana's attack. The iguana bites you!
Ouch! That really hurt!
You die...

#. #. #. #.
############
#.
#..........#
######.
#..........#
#......
#.........)#
#....#.
#..l@......#
#...##.
#..........#
#...##.
#..........#
#...###
#..........#
#....#
#..........#
#....## #.
#..........#
##.....# #.
#..##..##..#
#....#.# #..
#......##..##
#....#.# #...
....####..##
##...†#.#


You could see an iguana.

Vanquished Creatures
  3 worker ants (D:4)
  Natasha (twice) (D:2)
  An adder (D:4)
  2 oozes
  3 worms
  A dart slug (D:2)
  A leopard gecko (D:3)
  An orc (D:4)
  8 bats
  3 giant cockroaches
  2 goblins
  11 hobgoblins
  2 jackals (D:1)
  9 kobolds
  A quokka (D:2)
  A ball python (D:2)
  A frilled lizard (D:4)
  2 leopard gecko skeletons (D:4)
  2 rats
56 creatures vanquished.

Notes
Turn   | Place    | Note
-------+----------+-------------------------------------------
     0 | D:1      | forest the Spriggan Assassin began the quest for the Orb.
     0 | D:1      | Reached XP level 1. HP: 10/10 MP: 2/2
    11 | D:1      | Reached skill level 6 in Stealth
    44 | D:1      | Reached XP level 2. HP: 12/14 MP: 3/3
  1281 | D:1      | Reached skill level 7 in Stealth
  1308 | D:1      | Reached XP level 3. HP: 17/18 MP: 4/4
  1909 | D:2      | Noticed Natasha
  1942 | D:2      | Killed Natasha
  2328 | D:2      | Found a faded altar of an unknown god.
  2368 | D:2      | Reached XP level 4. HP: 23/23 MP: 5/5
  2569 | D:2      | Noticed Natasha
  2624 | D:2      | Killed Natasha
  3321 | D:2      | Found a bloodstained altar of Trog.
  3332 | D:2      | Found a hide-covered altar of Uskayaw.
  3889 | D:3      | Found a blossoming altar of Fedhas.
  4135 | D:3      | Found a deep blue altar of Sif Muna.
  4176 | D:3      | Found a white marble altar of Elyvilon.
  4429 | D:4      | Reached XP level 5. HP: 26/26 MP: 6/6
  4729 | D:4      | Slain by an iguana

Levels and vault maps discovered:
D:1:      roderic_dead_forest, layout_basic
D:2:      layout_loops_cross, amethyst_overflow_temple_binary,
          chequers_ecumenical_altar_simple_redux, uniq_natasha
D:3:      layout_rooms, fedhas_altar_1, elyvilon_altar_3, serial_rivers,
          chequers_serial_rivers_room_a, chequers_serial_rivers_small_3,
          chequers_serial_rivers_micro_e, chequers_serial_rivers_micro_e,
          first_ration, corexii_item_surrounded_by_moat, led_sif_book
D:4:      layout_rooms

Skill      XL: |  1  2  3  4  5 |
---------------+----------------+-----
Stealth        | 6 7 |  7.9
Dodging        | 2 3 |  3.0
Fighting       | 2 |  2.0
Throwing       | 3 |  3.1
Short Blades   | 3 |  3.5

Action                   |  1- 3 |  4- 6 || total
-------------------------+-------+-------++-------
Melee: Dagger            |    89 |    83 ||   172
Throw: Dart              |    24 |    25 ||    49
  Use: Scroll            |     9 |     5 ||    14
 Stab: Sleeping          |     9 |    10 ||    19
  Eat: Ration            |       |     1 ||     1
Armor: Robe              |    24 |     5 ||    29
Dodge: Dodged            |   123 |    46 ||   169
Block: Buckler           |       |     8 ||     8

Table legend:
 A = Non-vault XP
 B = Vault XP
 C = Vault XP percentage of total XP
 D = Non-vault monster count
 E = Vault monster count
 F = Vault count percentage of total count
                 A         B        C        D         E       F
            +---------+---------+-------+---------+---------+-------
      Total |     262 |      35 |  11.8 |      55 |       1 |   1.8
            +---------+---------+-------+---------+---------+-------
        D:1 |      46 |       0 |   0.0 |      24 |       0 |   0.0
        D:2 |      75 |      35 |  31.8 |      17 |       1 |   5.6
        D:3 |      10 |       0 |   0.0 |       5 |       0 |   0.0
        D:4 |     131 |       0 |   0.0 |       9 |       0 |   0.0
            +---------+---------+-------+---------+---------+-------
